 Dungeon Crawl Stone Soup version 0.31-a0-240-gb923e448b6 (webtiles) character file.

Game seed: 8436192309166740884

67 qw the Shooter (level 4, -2/26 HPs)
             Began as a Gargoyle Hexslinger on July 11, 2023.
             Slain by an orc
             ... wielding a +0 trident
              (5 damage)
             ... on level 2 of the Dungeon.
             The game lasted 00:00:29 (1012 turns).

qw the Shooter (Gargoyle Hexslinger)                Turns: 1012, Time: 00:00:29

Health: -2/26      AC:  5    Str: 11    XL:     4   Next: 16%
Magic:  5/5        EV: 12    Int: 14    God:
Gold:   55         SH:  0    Dex: 14    Spells: 4/5 levels left

rFire   . . .        Y - +1 sling
rCold   . . .        (no shield)
rNeg    + . .        c - +0 robe
rPois   inf          (no helmet)
rElec   +            (no cloak)
rCorr   .            (no gloves)
SInv    .            (no boots)
Will    .....        (no amulet)
Stlth   +            (no ring)
HPRegen 0.24/turn    (no ring)
MPRegen 0.09/turn

%: no passive effects
@: no status effects
A: sickness immunity, AC +3, negative energy resistance 1, electricity
resistance, torment resistance 1, petrification resistance
a: no special abilities


You were on level 2 of the Dungeon.
You visited 1 branch of the dungeon, and saw 2 of its levels.

You collected 55 gold pieces.


Innate Abilities, Weirdness & Mutations

You are immune to sickness and miasma.
Your stone body is resilient. (AC +3)
You are immune to poison.
You resist negative energy. (rN+)
You are resistant to electric shocks. (rElec)
You are resistant to unholy torment.
You are immune to petrification.


   Skills:
 - Level 2.0 Fighting
 + Level 4.0 Ranged Weapons
 - Level 1.5 Dodging
 - Level 1.0 Spellcasting
 - Level 2.6 Hexes


You had 4 spell levels left.
You knew the following spells:

 Your Spells              Type           Power      Damage    Failure   Level
a - Slow                  Hex            32%        N/A       9%          1

Your spell library contained the following spells:

 Spells                   Type           Power      Damage    Failure   Level
 Inner Flame              Hex/Fire       4%         N/A       41%         3
 Portal Projectile        Hex/Tloc       8%         N/A       41%         3
 Cause Fear               Hex            4%         N/A       65%         4

Inventory:

Hand Weapons
 Y - a +1 sling (weapon)
Armour
 c - a +0 robe (worn)
Scrolls
 a - a scroll of revelation {unknown}
Potions
 d - a potion of curing {unknown}
 h - a potion of berserk rage {unknown}

Dungeon Overview and Level Annotations

Branches:
Dungeon (2/15)

Altars:

Annotations:
D:2 Natasha


Message History

The hobgoblin shouts!
The sling bullet hits the orc but does no damage.
The orc is heavily wounded.
You shoot a sling bullet.
The sling bullet closely misses the orc.
The sling bullet barely misses the orc priest.
The sling bullet barely misses the orc.
The orc shouts!
The orc misses you.
You shoot a sling bullet.
The sling bullet hits the orc but does no damage.
The orc is heavily wounded.
The orc priest calls upon Beogh to heal the orc.
The orc's wounds heal themselves!
The orc hits you but does no damage.
You shoot a sling bullet. The sling bullet hits the orc.
The orc is heavily wounded.
The orc hits you from afar with a +0 trident.
The orc misses you.
You shoot a sling bullet. The sling bullet hits the orc.
The orc is almost dead.
The orc priest closely misses you.
You shoot a sling bullet. The sling bullet hits the orc priest.
The orc priest is lightly wounded.
The orc priest completely misses you.
You shoot a sling bullet. The sling bullet hits the orc priest.
The orc priest is heavily wounded.
The orc priest hits you from afar with a +0 trident!
Natasha, Servant of Life and Death comes into view.
You shoot a sling bullet.
The sling bullet hits the orc but does no damage.
The orc hits you with a +0 hand axe.
The orc priest looks braver for a moment.
The orc hits you but does no damage. The orc hits you with a +2 heavy flail!
You shoot a sling bullet.
The sling bullet hits the orc but does no damage.
The orc hits you but does no damage.
The orc priest hits you but does no damage.
The orc closely misses you.
The orc hits you from afar with a +0 trident.
You die...

#.#.##.#####..#.##
#.#.##.# #......
####.#.##.#
#.##.##
#.........#
#.##.##
#.##.#.#..#
#...... #.#.#..#
####.## #.#.#..###
#.#
...#.##...:......
#.##
....go.@.....###.
#...
...#.ooo.....#
#..... #.........#
#.#### #.##..?...#
#. #....h... #
###....... #
....... # ...... .


You could see an orc priest, Natasha, 3 orcs and a hobgoblin.

Vanquished Creatures
  Natasha (D:2)
  A worm (D:2)
  3 dart slugs
  5 bats
  An endoplasm (D:2)
  A giant cockroach (D:1)
  2 goblins
  3 hobgoblins (D:1)
  6 quokkas
  A ball python (D:1)
  4 frilled lizards
  4 kobolds
  2 rats (D:1)
34 creatures vanquished.

Notes
Turn   | Place    | Note
-------+----------+-------------------------------------------
     0 | D:1      | qw the Gargoyle Hexslinger began the quest for the Orb.
     0 | D:1      | Reached XP level 1. HP: 12/12 MP: 2/2
     0 | D:1      | 0 ||| qw: Version: 0.3-a-52-g30416fa
     0 | D:1      | 0 ||| qw: Game counter: 6106
     0 | D:1      | 0 ||| qw: Melee chars always use a shield: true
     0 | D:1      | 0 ||| qw: God list: Okawaru
     0 | D:1      | 0 ||| qw: Allow faded altars: false
     0 | D:1      | 0 ||| qw: Do Orc after clearing Dungeon:15 true
     0 | D:1      | 0 ||| qw: Do second Lair branch before Depths: true
     0 | D:1      | 0 ||| qw: Lair rune preference: random
     0 | D:1      | 0 ||| qw: Goals: Normal
     0 | D:1      | 0 ||| PLANNING D:1-11
    93 | D:1      | Reached XP level 2. HP: 16/16 MP: 3/3
   262 | D:1      | Reached skill level 3 in Ranged Weapons
   502 | D:1      | Reached XP level 3. HP: 21/21 MP: 4/4
   789 | D:1      | 789 ||| READING scroll labelled CUCRIO UHOARY.
   790 | D:1      | 790 ||| READING scroll labelled XUCEUPO JEDIGH.
   791 | D:1      | 791 ||| READING scroll labelled VOXIYTR REMOE.
   795 | D:1      | 795 ||| DROPPING scroll of poison.
   991 | D:2      | Noticed Natasha
   997 | D:2      | Killed Natasha
   998 | D:2      | Reached skill level 4 in Ranged Weapons
   998 | D:2      | Reached XP level 4. HP: 26/26 MP: 5/5
  1010 | D:2      | Noticed Natasha
  1011 | D:2      | HP: 2/26 [orc/+2 heavy flail (11)]
  1012 | D:2      | Slain by an orc

Levels and vault maps discovered:
D:1:      lemuel_arrival_behind_the_door_small, layout_basic
D:2:      layout_loops_ring, serial_shops, nicolae_shop_tiny_real_fake_doors,
          dreamdust_ecumenical_altar_hidden_monk_grotto, uniq_natasha

Skill      XL: |  1  2  3 |
---------------+----------+-----
Ranged Weapons | 3 4 |  4.0
Fighting       | 2 |  2.0
Dodging        | |  1.5
Spellcasting   | |  1.0
Hexes          | |  2.6

Action                     |  1- 3 |  4- 6 || total
---------------------------+-------+-------++-------
   Fire: Sling             |   130 |    12 ||   142
    Use: Scroll            |     3 |       ||     3
 Armour: Robe              |    14 |     4 ||    18
  Dodge: Dodged            |    39 |     5 ||    44

Table legend:
 A = Non-vault XP
 B = Vault XP
 C = Vault XP percentage of total XP
 D = Non-vault monster count
 E = Vault monster count
 F = Vault count percentage of total count
                 A         B        C        D         E       F
            +---------+---------+-------+---------+---------+-------
      Total |      63 |      33 |  34.4 |      33 |       1 |   2.9
            +---------+---------+-------+---------+---------+-------
        D:1 |      43 |       0 |   0.0 |      24 |       0 |   0.0
        D:2 |      20 |      33 |  62.3 |       9 |       1 |  10.0
            +---------+---------+-------+---------+---------+-------
